 Dungeon Crawl Stone Soup version 0.22.0-21-g8bd1b0a (webtiles) character file.

32 Kelyas the Magician (level 3, 0/19 HPs)
             Began as a Gargoyle Wizard on Aug 19, 2018.
             Slain by an adder (1 damage)
             ... on level 2 of the Dungeon.
             The game lasted 00:03:59 (1058 turns).

Kelyas the Magician (Gargoyle Wizard)               Turns: 1058, Time: 00:04:00

Health: 0/19       AC:  5    Str: 10    XL:     3   Next: 27%
Magic:  0/7        EV: 12    Int: 19    God:
Gold:   78         SH:  0    Dex:  8    Spells: 7/8 levels left

rFire    . . .     SeeInvis .   k - -1 whip
rCold    . . .     Gourm    .   (no shield)
rNeg     + . .     Faith    .   a - +0 robe
rPois    ∞         Spirit   .   b - +0 hat
rElec    +         Reflect  .   (no cloak)
rCorr    .         Harm     .   (no gloves)
MR       .....                  (no boots)
Stlth    ++........             m - amulet of inaccuracy
HPRegen  0.06/turn              (no ring)
MPRegen  0.10/turn              (no ring)

@: very slightly contaminated
A: negative energy resistance 1, electricity resistance, unbreathing,
petrification resistance, rot immunity, AC +3
a: no special abilities


You were on level 2 of the Dungeon.
You were not hungry.

You visited 1 branch of the dungeon, and saw 2 of its levels.

You collected 78 gold pieces.

Inventory:

Hand Weapons
 j - a +0 hunting sling of flaming
 k - a -1 whip (weapon)
Missiles
 e - 30 stones (quivered)
 g - 17 bolts
Armour
 a - a +0 robe (worn)
 b - a +0 hat (worn)
Jewellery
 m - an amulet of inaccuracy (around neck)
Potions
 f - 2 potions of curing
Comestibles
 d - 3 rations


   Skills:
 + Level 1.9 Dodging
 - Level 2.1 Stealth
 + Level 3.4 Spellcasting
 * Level 2.3 Conjurations
   Level 0.8 Summonings
   Level 0.8 Translocations


You had 7 spell levels left.
You knew the following spells:

 Your Spells              Type           Power        Failure   Level  Hunger
a - Magic Dart            Conj           ##..         5%          1    None

Your spell library contained the following spells:

 Spells                   Type           Power        Failure   Level  Hunger
 Blink                    Tloc           N/A          16%         2    ##.....
 Call Imp                 Summ           #.......     16%         2    ##.....
 Slow                     Hex            #.......     22%         2    ##.....
 Conjure Flame            Conj/Fire      #.......     26%         3    ###....
 Mephitic Cloud           Conj/Pois/Air  #.......     32%         3    ###....


Dungeon Overview and Level Annotations

Branches:
Dungeon (2/15)

Altars:


Innate Abilities, Weirdness & Mutations

You are resistant to torment.
Your stone body is resilient. (AC +3)
You are immune to poison.
You resist negative energy. (rN+)
You are resistant to electric shocks. (rElec)
You can survive without breathing.
You are immune to petrification.
You are immune to rotting.


Message History

You closely miss the adder.
The adder is almost dead.
The adder bites you.
* * * LOW HITPOINT WARNING * * *
The rat bites you but does no damage. The adder bites you but does no damage.
You miss the adder.
The adder is almost dead.
The rat barely misses you. The adder barely misses you.
Casting: Magic Dart (safe; 5% risk of failure)
Confirm with . or Enter, or press ? or * to list all spells.
Aiming: Magic Dart (safe; 5% risk of failure)
Press: ? - help, Shift-Dir - straight line, f/p - adder
Aim: an adder (almost dead)
The magic dart hits the adder.
The adder is almost dead.
The adder misses you. The rat closely misses you. The adder misses you.
You closely miss the adder.
The adder is almost dead.
The rat bites you but does no damage. The adder bites you.
You die...

#........#
#........#
#....?...#
#........#
#.......#
#.......#
#....S..#
#....r@.#
#.......#
#########


You could see an adder and a rat.

Vanquished Creatures
  A dart slug (D:1)
  A leopard gecko (D:1)
  4 bats (D:1)
  A giant cockroach (D:1)
  4 goblins (D:1)
  8 hobgoblins (D:1)
  2 frilled lizards (D:1)
  A kobold (D:1)
  6 rats (D:1)
28 creatures vanquished.

Notes
Turn   | Place    | Note
-------+----------+-------------------------------------------
     0 | D:1      | Kelyas the Gargoyle Wizard began the quest for the Orb.
     0 | D:1      | Reached XP level 1. HP: 10/10 MP: 4/4
   137 | D:1      | Reached XP level 2. HP: 6/15 MP: 0/6
   701 | D:1      | Reached XP level 3. HP: 19/19 MP: 2/7
  1058 | D:2      | Slain by an adder

Skill      XL: |  1  2 |
---------------+-------+-----
Conjurations   | 2 |  2.3
Dodging        | |  1.9
Stealth        | |  2.1
Spellcasting   | |  3.4
Summonings     | |  0.8
Translocations | |  0.8

Action                   || total
-------------------------++-------
Melee: Dagger            ||    16
       Unarmed           ||     3
       Whip              ||    27
 Cast: Magic Dart        ||    58
  Use: Scroll            ||     4
Armor: Robe              ||    19
Dodge: Dodged            ||    40
